 Dungeon Crawl Stone Soup version 0.22-a0-429-g97ce8ef (webtiles) character file.

7 Gorglomux the Ducker (level 1, -1/11 HPs)
             Began as a Spriggan Berserker on May 25, 2018.
             Slain by a jackal (2 damage)
             ... on level 1 of the Dungeon.
             The game lasted 00:00:32 (131 turns).

Gorglomux the Ducker (Spriggan Berserker)            Turns: 131, Time: 00:00:33

Health: -1/11      AC:  2    Str: 13    XL:     1   Next: 83%
Magic:  2/2        EV: 19    Int:  8    God:
Gold:   16         SH:  0    Dex: 15    Spells: 0/0 levels left

rFire    . . .     SeeInvis +   a - +0 short sword
rCold    . . .     Gourm    .   (shield restricted)
rNeg     . . .     Faith    .   b - +0 animal skin
rPois    .         Spirit   .   (helmet restricted)
rElec    .         Reflect  .   (no cloak)
rCorr    .         Harm     .   (gloves unavailable)
MR       .....                  (boots unavailable)
Stlth    ++........             (no amulet)
HPRegen  0.03/turn              (no ring)
MPRegen  0.08/turn              (no ring)

@: very quick
A: very small, unfitting armour, see invisible, herbivore, speed 3, slow
metabolism 2
a: no special abilities


You were on level 1 of the Dungeon.
You were not hungry.

You visited 1 branch of the dungeon, and saw 1 of its levels.

You collected 16 gold pieces.

Inventory:

Hand Weapons
 a - a +0 short sword (weapon)
Armour
 b - a +0 animal skin (worn)
Scrolls
 d - a scroll of identify {unknown}
Potions
 e - a potion of experience {unknown}
Comestibles
 c - a ration


   Skills:
 - Level 2.4 Fighting
 - Level 3.2 Short Blades
 - Level 4.4 Dodging
 + Level 2.5 Stealth


You couldn't memorise any spells.
You didn't know any spells.
Your spell library was empty.

Dungeon Overview and Level Annotations

Branches:
Dungeon (1/15)

Altars:


Innate Abilities, Weirdness & Mutations

You are very small and have problems with some larger weapons.
You are too small for most types of armour.
You have supernaturally acute eyesight. (SInv)
You are a herbivore.
You cover ground extremely quickly.
You need to consume almost no food.


Message History

You closely miss the jackal! The jackal misses you!
The butt closely misses you!
You perforate the butt but do no damage!
The jackal completely misses you!
You closely miss the jackal! The jackal closely misses you!
You skewer the butt like a kebab!
The jackal is butt-ly wounded!
The jackal bites you! * * * don't die
* * * The jackal barely misses you!
You butt the jackal like a sieve!
You annihilate the jackal!!!
The jackal misses you!
You perforate the butt like a sieve!
The jackal is moderately wounded!
The jackal closely misses you!
Butt butt-ly miss the jackal!
The jackal is moderately wounded!
The jackal bites you! rip

...#.$...........
...#.#..#..#.#..#..##
...#.#..#..#.........
................ ...
.....#.r#..#.#.# ..# #
...............##..##.#
.#...#..#..#.#.##.....#
.#...#..#..#.#.##..##.##
..............rh@.......
.#...####.##.#.##..##.## #
...................##.##.###
....#####.......)..........
....#
#.###.##.##..##.##.###+
.#..#
#.....#................
.#..###.#.#.#####..##.##.##.
....#.........# #..##.#
..###.#.#.#.#.###..##.##+##


You could see a jackal and a rat.

Vanquished Creatures
  A goblin (D:1)
  2 jackals (D:1)
  2 kobolds (D:1)
5 creatures vanquished.

Notes
Turn   | Place    | Note
-------+----------+-------------------------------------------
     0 | D:1      | Gorglomux the Spriggan Berserker began the quest for the Orb.
     0 | D:1      | Reached XP level 1. HP: 11/11 MP: 2/2
     0 | D:1      | Fell from the grace of Trog
    50 | D:1      | Reached skill level 1 in Stealth
   131 | D:1      | Slain by a jackal

Vault maps used:
D:1:      roderic_chinese_lattice_arrival

Skill      XL: |  1 |
---------------+----+-----
Stealth        | 2 |  2.5
Fighting       | |  2.4
Short Blades   | |  3.2
Dodging        | |  4.4

Action                   || total
-------------------------++-------
Melee: Short sword       ||    33
Invok: Renounce Religion ||     1
Armor: Animal skin       ||     4
Dodge: Dodged            ||    38

Table legend:
 A = Spawn XP
 B = Non-spawn XP
 C = Spawn XP percentage of total XP
 D = Spawn monster count
 E = Non-spawn monster count
 F = Spawn count percentage of total count
 G = Total turns spent on level
                    A         B        C        D         E        F      G
               +---------+---------+-------+---------+---------+-------+---------
         Total |       0 |      10 |   0.0 |       0 |       5 |   0.0 |   131
               +---------+---------+-------+---------+---------+-------+---------
           D:1 |       0 |      10 |   0.0 |       0 |       5 |   0.0 |   131
               +---------+---------+-------+---------+---------+-------+---------
